 Dungeon Crawl Stone Soup version 0.30-a0-862-g1aabd4f9c5 (webtiles) character file.

Game seed: 17802707041127821697

172 ragingrage the Ducker (level 5, 0/41 HPs)
             Began as a Merfolk Artificer on Mar 9, 2023.
             Was an Initiate of Gozag.
             Slain by a bullfrog zombie (5 damage)
             ... on level 5 of the Dungeon.
             The game lasted 00:03:38 (2971 turns).

ragingrage the Ducker (Merfolk Artificer)           Turns: 2971, Time: 00:03:39

Health: 0/41       AC:  5    Str: 10 (12) XL:     5   Next: 52%
Magic:  14/14      EV: 13    Int:  8 (10) God:    Gozag
Gold:   75         SH:  0    Dex: 14 (17) Spells: 4/4 levels left

rFire   . . .      SeeInvis .    q - +0 halberd
rCold   . . .      Faith    .    (shield currently unavailable)
rNeg    . . .      Spirit   .    b - +0 leather armour
rPois   .          Reflect  .    (no helmet)
rElec   .          Rampage  .    k - +0 cloak
rCorr   .                        (no gloves)
Will    .....                    a - +0 pair of boots
Stlth   ++                       r - amulet of magic regeneration
HPRegen 0.26/turn                i - ring of wizardry
MPRegen 0.54/turn                t - ring of magical power

@: about to teleport
A: (nimble swimmer 2), mertail
a: Renounce Religion, Potion Petition, Call Merchant, Bribe Branch


You were on level 5 of the Dungeon.
You worshipped Gozag.
Gozag was noncommittal.
You visited 1 branch of the dungeon, and saw 4 of its levels.

You collected 83 gold pieces.
You paid 8 gold pieces to Gozag.

Inventory:

Hand Weapons
 q - a +0 halberd (weapon)
Missiles
 p - 3 boomerangs (quivered)
Armour
 a - a +0 pair of boots (worn)
 b - a +0 leather armour (worn)
 k - a +0 cloak (worn)
Jewellery
 i - a ring of wizardry (left hand)
 r - an amulet of magic regeneration (around neck)
 t - a ring of magical power (right hand)
Wands
 c - a wand of flame (13)
 d - a wand of charming (15)
 e - a wand of iceblast (4)
Scrolls
 f - a scroll of identify
 g - 2 scrolls of teleportation
 h - 2 scrolls of fog {unknown}
 l - 2 scrolls of enchant weapon {unknown}
 s - a scroll of magic mapping {unknown}
Potions
 m - a potion of degeneration
 n - 2 potions of haste


   Skills:
 + Level 3.3 Fighting
 + Level 1.8 Polearms
 - Level 0.6 Armour
 + Level 4.7 Dodging
 - Level 3.0 Stealth
 - Level 3.0 Evocations


You had 4 spell levels left.
You didn't know any spells.
Your spell library contained the following spells:

 Spells                   Type           Power      Damage    Failure   Level
 Freeze                   Ice            0%         1d3       24%         1
 Frozen Ramparts          Ice            0%         1d1       54%         3
 Hailstorm                Conj/Ice       0%         3d3       54%         3


Dungeon Overview and Level Annotations

Branches:
Dungeon (3/15)

Altars:
Elyvilon
Gozag
Sif Muna
Uskayaw

Shops:
D:2 (


Innate Abilities, Weirdness & Mutations

((You are very nimble when in or above water. (Stealth+, EV+, Speed+++)))
Your lower body shifts to a powerful aquatic tail in water.


Message History

There is an open door here.
You close the door.
The gnoll hits you with a +0 whip.
* * * LOW HITPOINT WARNING * * *
The gnoll shouts!
Found a stone staircase leading down.
Really walk into that teleport trap?
You enter a teleport trap!
The teleport trap disappears.
Your surroundings suddenly seem different.
An adder skeleton, a bullfrog skeleton, a bullfrog zombie and 2 howler monkey zombies come into view.
The howler monkey zombie hits you but does no damage.
Your extra speed is starting to run out.
You open the door.
A bullfrog zombie, a bullfrog skeleton and a hound come into view.
You feel yourself slow down.
The bullfrog skeleton barely misses you.
There is an open door here.
You close the door.
The bullfrog skeleton hits you.
* * * LOW HITPOINT WARNING * * *
The bullfrog skeleton misses you.
As you read the scroll labelled DIMIQY US LAI, it crumbles to dust.
It is a scroll of identify.
g - 3 scrolls of teleportation The adder skeleton bites you.
* * * LOW HITPOINT WARNING * * *
The bullfrog skeleton hits you but does no damage.
As you read the scroll of teleportation, it crumbles to dust.
You feel strangely unstable.
The bullfrog zombie hits you but does no damage.
The bullfrog skeleton closely misses you.
The adder skeleton barely misses you. The bullfrog zombie hits you.
* * * LOW HITPOINT WARNING * * *
The bullfrog skeleton barely misses you.
The adder skeleton misses you.
The adder skeleton attacks as you move away!
The adder skeleton misses you.
The bullfrog zombie attacks as you move away!
The bullfrog zombie hits you.
You die...
Your body crumbles into a pile of gold.

...................######.....#
................Z.......+.....#
...............h........#.....#
........................#.....#
........................#.....#
...P.PP####.. #. ##+###.......#
........###..##.##Z..##+#.....#
....8............ZZ...........#
.....P..........@Z..........###
...##.......................#
#+## ...#######+############# .
## .. . $


You could see a hound (asleep), a bullfrog zombie, a howler monkey zombie, an
adder skeleton and a bullfrog skeleton.

Vanquished Creatures
  A bullfrog zombie (D:5)
  A centaur skeleton (D:5)
  3 gnolls (D:2)
  3 adders (D:2)
  A dart slug (D:5)
  3 orcs
  8 endoplasms
  4 goblins
  2 hobgoblins (D:2)
  5 kobolds
  A quokka (D:2)
  4 ball pythons
  8 bats
  5 frilled lizards
  6 rats
55 creatures vanquished.

Vanquished Creatures (others)
  A withered plant (D:5)
1 creature vanquished.

Grand Total: 56 creatures vanquished

Notes
Turn   | Place    | Note
-------+----------+-------------------------------------------
     0 | D:1      | ragingrage the Merfolk Artificer began the quest for the
                  | Orb.
     0 | D:1      | Reached XP level 1. HP: 15/15 MP: 1/1
   321 | D:1      | Reached XP level 2. HP: 21/21 MP: 2/2
   329 | D:1      | Reached skill level 3 in Dodging
   695 | D:1      | Reached XP level 3. HP: 27/27 MP: 3/3
  1420 | D:2      | Found Omnee's Weapon Shop.
  1552 | D:2      | Reached XP level 4. HP: 22/34 MP: 4/4
  2341 | D:2      | Reached skill level 4 in Dodging
  2767 | D:3      | Found a shimmering blue altar of Sif Muna.
  2768 | D:3      | Found an opulent altar of Gozag.
  2768 | D:3      | Found a hide-covered altar of Uskayaw.
  2772 | D:3      | Found a white marble altar of Elyvilon.
  2782 | D:3      | Became a worshipper of Gozag Ym Sagoz the Greedy
  2789 | D:3      | You fall into a shaft and drop 2 floors!
  2789 | D:5      | Entered Level 5 of the Dungeon
  2855 | D:5      | Reached skill level 1 in Polearms
  2855 | D:5      | Reached XP level 5. HP: 41/41 MP: 5/5
  2927 | D:5      | HP: 1/41 [poisoned by a scorpion]
  2971 | D:5      | Slain by a bullfrog zombie

Illustrated notes

Levels and vault maps discovered:
D:1:      nzn_arrival_depleted_hourglass, layout_basic, grunt_decor_junction,
          hangedman_decor_diamond_cutter, minmay_quantized
D:2:      layout_basic, serial_shops, shop_fountains, supply_closet_lemuel
D:3:      layout_basic, grunt_temple_overflow_open,
          ebering_ecumenical_altar_mist, minmay_checkerbox
D:5:      layout_gridville, nicolae_yredelemnul_corpse_copse, serial_undead,
          serial_undead_a, serial_undead_c, serial_undead_a, serial_undead_b,
          serial_undead_e, serial_undead_a

Skill      XL: |  1  2  3  4 |
---------------+-------------+-----
Dodging        | 3 4 |  4.7
Stealth        | 2 3 |  3.0
Fighting       | 2 3 |  3.3
Polearms       | 1 |  1.8
Armour         | |  0.6
Evocations     | |  3.0

Action                     |  1- 3 |  4- 6 || total
---------------------------+-------+-------++-------
  Melee: Hand axe          |    12 |       ||    12
         Short sword       |   145 |    39 ||   184
         Punch             |     2 |     2 ||     4
         Halberd           |       |    38 ||    38
  Throw: Boomerang         |       |     4 ||     4
  Evoke: Wand              |       |     3 ||     3
    Use: Potion            |       |     4 ||     4
         Scroll            |       |     2 ||     2
   Stab: Sleeping          |     8 |     5 ||    13
 Armour: Leather armour    |    48 |    24 ||    72
  Dodge: Dodged            |    96 |    56 ||   152

Table legend: (Time is in decaauts)
 A = Elapsed time spent in this place.
 B = Non-inter-level travel time spent in this place.
 C = Inter-level travel time spent in this place.
 D = Time resting spent in this place.
 E = Time spent auto-exploring this place.
 F = Levels seen in this place.
 G = Mean time per level.
                   A        B        C        D        E       F      G
               +--------+--------+--------+--------+--------+-----+--------+
         Total |   2965 |   2684 |    281 |    247 |   1690 |   4 |  741.2 |
       Dungeon |   2965 |   2684 |    281 |    247 |   1690 |   4 |  741.2 |
               +--------+--------+--------+--------+--------+-----+--------+

Top non-repeatable levels by time:
     D:2: 1697 daAuts
     D:1: 798 daAuts
     D:3: 289 daAuts
     D:5: 179 daAuts
